%YAML 1.1
%TAG !u! tag:unity3d.com,2011:
--- !u!1 &5385042804270534356
GameObject:
  m_ObjectHideFlags: 0
  m_CorrespondingSourceObject: {fileID: 0}
  m_PrefabInstance: {fileID: 0}
  m_PrefabAsset: {fileID: 0}
  serializedVersion: 6
  m_Component:
  - component: {fileID: 5385042804270534359}
  m_Layer: 6
  m_Name: SpawnCenter
  m_TagString: Untagged
  m_Icon: {fileID: 0}
  m_NavMeshLayer: 0
  m_StaticEditorFlags: 0
  m_IsActive: 1
--- !u!4 &5385042804270534359
Transform:
  m_ObjectHideFlags: 0
  m_CorrespondingSourceObject: {fileID: 0}
  m_PrefabInstance: {fileID: 0}
  m_PrefabAsset: {fileID: 0}
  m_GameObject: {fileID: 5385042804270534356}
  m_LocalRotation: {x: 0, y: 0, z: 0, w: 1}
  m_LocalPosition: {x: 0, y: -1.25, z: 0}
  m_LocalScale: {x: 1, y: 1, z: 1}
  m_Children: []
  m_Father: {fileID: 5385042805178764046}
  m_RootOrder: 2
  m_LocalEulerAnglesHint: {x: 0, y: 0, z: 0}
--- !u!1 &5385042804398889813
GameObject:
  m_ObjectHideFlags: 0
  m_CorrespondingSourceObject: {fileID: 0}
  m_PrefabInstance: {fileID: 0}
  m_PrefabAsset: {fileID: 0}
  serializedVersion: 6
  m_Component:
  - component: {fileID: 5385042804398889812}
  - component: {fileID: 5385042804398889814}
  - component: {fileID: 5385042804398889815}
  m_Layer: 6
  m_Name: Coin
  m_TagString: Untagged
  m_Icon: {fileID: 0}
  m_NavMeshLayer: 0
  m_StaticEditorFlags: 0
  m_IsActive: 1
--- !u!4 &5385042804398889812
Transform:
  m_ObjectHideFlags: 0
  m_CorrespondingSourceObject: {fileID: 0}
  m_PrefabInstance: {fileID: 0}
  m_PrefabAsset: {fileID: 0}
  m_GameObject: {fileID: 5385042804398889813}
  m_LocalRotation: {x: -0, y: -0, z: -0, w: 1}
  m_LocalPosition: {x: 0, y: -0.44, z: 0}
  m_LocalScale: {x: 0.35, y: 0.35, z: 1}
  m_Children: []
  m_Father: {fileID: 5385042804517714459}
  m_RootOrder: 0
  m_LocalEulerAnglesHint: {x: 0, y: 0, z: 0}
--- !u!212 &5385042804398889814
SpriteRenderer:
  m_ObjectHideFlags: 0
  m_CorrespondingSourceObject: {fileID: 0}
  m_PrefabInstance: {fileID: 0}
  m_PrefabAsset: {fileID: 0}
  m_GameObject: {fileID: 5385042804398889813}
  m_Enabled: 1
  m_CastShadows: 0
  m_ReceiveShadows: 0
  m_DynamicOccludee: 1
  m_MotionVectors: 1
  m_LightProbeUsage: 1
  m_ReflectionProbeUsage: 1
  m_RayTracingMode: 0
  m_RayTraceProcedural: 0
  m_RenderingLayerMask: 1
  m_RendererPriority: 0
  m_Materials:
  - {fileID: 10754, guid: 0000000000000000f000000000000000, type: 0}
  m_StaticBatchInfo:
    firstSubMesh: 0
    subMeshCount: 0
  m_StaticBatchRoot: {fileID: 0}
  m_ProbeAnchor: {fileID: 0}
  m_LightProbeVolumeOverride: {fileID: 0}
  m_ScaleInLightmap: 1
  m_ReceiveGI: 1
  m_PreserveUVs: 0
  m_IgnoreNormalsForChartDetection: 0
  m_ImportantGI: 0
  m_StitchLightmapSeams: 1
  m_SelectedEditorRenderState: 0
  m_MinimumChartSize: 4
  m_AutoUVMaxDistance: 0.5
  m_AutoUVMaxAngle: 89
  m_LightmapParameters: {fileID: 0}
  m_SortingLayerID: 0
  m_SortingLayer: 0
  m_SortingOrder: 0
  m_Sprite: {fileID: -4292255348957191386, guid: 2a39668ae685b9e44a0ec3a5fc298379, type: 3}
  m_Color: {r: 1, g: 1, b: 1, a: 1}
  m_FlipX: 0
  m_FlipY: 0
  m_DrawMode: 0
  m_Size: {x: 0.85333335, y: 0.85333335}
  m_AdaptiveModeThreshold: 0.5
  m_SpriteTileMode: 0
  m_WasSpriteAssigned: 1
  m_MaskInteraction: 0
  m_SpriteSortPoint: 0
--- !u!95 &5385042804398889815
Animator:
  serializedVersion: 3
  m_ObjectHideFlags: 0
  m_CorrespondingSourceObject: {fileID: 0}
  m_PrefabInstance: {fileID: 0}
  m_PrefabAsset: {fileID: 0}
  m_GameObject: {fileID: 5385042804398889813}
  m_Enabled: 1
  m_Avatar: {fileID: 0}
  m_Controller: {fileID: 9100000, guid: 4a1ef03cd1e94de488aba8ddc4b4155a, type: 2}
  m_CullingMode: 0
  m_UpdateMode: 0
  m_ApplyRootMotion: 0
  m_LinearVelocityBlending: 0
  m_WarningMessage: 
  m_HasTransformHierarchy: 1
  m_AllowConstantClipSamplingOptimization: 1
  m_KeepAnimatorControllerStateOnDisable: 0
--- !u!1 &5385042804517714456
GameObject:
  m_ObjectHideFlags: 0
  m_CorrespondingSourceObject: {fileID: 0}
  m_PrefabInstance: {fileID: 0}
  m_PrefabAsset: {fileID: 0}
  serializedVersion: 6
  m_Component:
  - component: {fileID: 5385042804517714459}
  - component: {fileID: 5385042804517714458}
  m_Layer: 6
  m_Name: Pool.Coins
  m_TagString: Untagged
  m_Icon: {fileID: 0}
  m_NavMeshLayer: 0
  m_StaticEditorFlags: 0
  m_IsActive: 1
--- !u!4 &5385042804517714459
Transform:
  m_ObjectHideFlags: 0
  m_CorrespondingSourceObject: {fileID: 0}
  m_PrefabInstance: {fileID: 0}
  m_PrefabAsset: {fileID: 0}
  m_GameObject: {fileID: 5385042804517714456}
  m_LocalRotation: {x: 0, y: 0, z: 0, w: 1}
  m_LocalPosition: {x: 0, y: 0, z: 0}
  m_LocalScale: {x: 1, y: 1, z: 1}
  m_Children:
  - {fileID: 5385042804398889812}
  m_Father: {fileID: 5385042805178764046}
  m_RootOrder: 0
  m_LocalEulerAnglesHint: {x: 0, y: 0, z: 0}
--- !u!114 &5385042804517714458
MonoBehaviour:
  m_ObjectHideFlags: 0
  m_CorrespondingSourceObject: {fileID: 0}
  m_PrefabInstance: {fileID: 0}
  m_PrefabAsset: {fileID: 0}
  m_GameObject: {fileID: 5385042804517714456}
  m_Enabled: 1
  m_EditorHideFlags: 0
  m_Script: {fileID: 11500000, guid: d67a14af159d40d46952711e7a2a0c6d, type: 3}
  m_Name: 
  m_EditorClassIdentifier: 
  prefab: {fileID: 5385042804398889814}
  parent: {fileID: 5385042804517714459}
  poolAmount: 10
  initWhenAwake: 1
--- !u!1 &5385042805178764047
GameObject:
  m_ObjectHideFlags: 0
  m_CorrespondingSourceObject: {fileID: 0}
  m_PrefabInstance: {fileID: 0}
  m_PrefabAsset: {fileID: 0}
  serializedVersion: 6
  m_Component:
  - component: {fileID: 5385042805178764046}
  - component: {fileID: 5385042805178764033}
  m_Layer: 6
  m_Name: CoinsFlyAnimation
  m_TagString: Untagged
  m_Icon: {fileID: 0}
  m_NavMeshLayer: 0
  m_StaticEditorFlags: 0
  m_IsActive: 1
--- !u!4 &5385042805178764046
Transform:
  m_ObjectHideFlags: 0
  m_CorrespondingSourceObject: {fileID: 0}
  m_PrefabInstance: {fileID: 0}
  m_PrefabAsset: {fileID: 0}
  m_GameObject: {fileID: 5385042805178764047}
  m_LocalRotation: {x: 0, y: 0, z: 0, w: 1}
  m_LocalPosition: {x: 0, y: 0, z: 1}
  m_LocalScale: {x: 1, y: 1, z: 1}
  m_Children:
  - {fileID: 5385042804517714459}
  - {fileID: 3416072199464766270}
  - {fileID: 5385042804270534359}
  m_Father: {fileID: 0}
  m_RootOrder: 0
  m_LocalEulerAnglesHint: {x: 0, y: 0, z: 0}
--- !u!114 &5385042805178764033
MonoBehaviour:
  m_ObjectHideFlags: 0
  m_CorrespondingSourceObject: {fileID: 0}
  m_PrefabInstance: {fileID: 0}
  m_PrefabAsset: {fileID: 0}
  m_GameObject: {fileID: 5385042805178764047}
  m_Enabled: 1
  m_EditorHideFlags: 0
  m_Script: {fileID: 11500000, guid: 4dc8924a523ce1648817796d6e98d372, type: 3}
  m_Name: 
  m_EditorClassIdentifier: 
  effectCamera: {fileID: 0}
  flyTarget: {fileID: 0}
  sparksTarget: {fileID: 0}
  coinsPool: {fileID: 5385042804517714458}
  glowDotsPool: {fileID: 1755369128358520201}
  flyingText: {fileID: 0}
  textAppearingTime: 0.25
  spawnDelay: 0.1
  appearDuration: 0.1
  appearEase: 6
  tinyOffset: {x: 0, y: -0.1, z: 0}
  yRandomness: 0.1
  tinyJumpDuration: 0.5
  tinyJumpPower: 0.4
  flyDuration: 1.25
  flyPower: -2.5
  flyEase: 5
  center: {fileID: 5385042804270534359}
  width: 0.5
  height: 0.15
--- !u!1 &6669043382746731144
GameObject:
  m_ObjectHideFlags: 0
  m_CorrespondingSourceObject: {fileID: 0}
  m_PrefabInstance: {fileID: 0}
  m_PrefabAsset: {fileID: 0}
  serializedVersion: 6
  m_Component:
  - component: {fileID: 3416072199464766270}
  - component: {fileID: 1755369128358520201}
  m_Layer: 6
  m_Name: Pool.GlowDots
  m_TagString: Untagged
  m_Icon: {fileID: 0}
  m_NavMeshLayer: 0
  m_StaticEditorFlags: 0
  m_IsActive: 1
--- !u!4 &3416072199464766270
Transform:
  m_ObjectHideFlags: 0
  m_CorrespondingSourceObject: {fileID: 0}
  m_PrefabInstance: {fileID: 0}
  m_PrefabAsset: {fileID: 0}
  m_GameObject: {fileID: 6669043382746731144}
  m_LocalRotation: {x: 0, y: 0, z: 0, w: 1}
  m_LocalPosition: {x: 0, y: 0, z: 0}
  m_LocalScale: {x: 1, y: 1, z: 1}
  m_Children:
  - {fileID: 519529642119866723}
  m_Father: {fileID: 5385042805178764046}
  m_RootOrder: 1
  m_LocalEulerAnglesHint: {x: 0, y: 0, z: 0}
--- !u!114 &1755369128358520201
MonoBehaviour:
  m_ObjectHideFlags: 0
  m_CorrespondingSourceObject: {fileID: 0}
  m_PrefabInstance: {fileID: 0}
  m_PrefabAsset: {fileID: 0}
  m_GameObject: {fileID: 6669043382746731144}
  m_Enabled: 1
  m_EditorHideFlags: 0
  m_Script: {fileID: 11500000, guid: c1b63064dfc504345b9ad8d33a4da40c, type: 3}
  m_Name: 
  m_EditorClassIdentifier: 
  prefab: {fileID: 2247954897278614687}
  parent: {fileID: 3416072199464766270}
  poolAmount: 10
  initWhenAwake: 1
--- !u!1001 &2247954898477735865
PrefabInstance:
  m_ObjectHideFlags: 0
  serializedVersion: 2
  m_Modification:
    m_TransformParent: {fileID: 3416072199464766270}
    m_Modifications:
    - target: {fileID: 1731610301562517210, guid: 2e2b84ac67c91ba4e924b99bb892b6c7, type: 3}
      propertyPath: m_RootOrder
      value: 0
      objectReference: {fileID: 0}
    - target: {fileID: 1731610301562517210, guid: 2e2b84ac67c91ba4e924b99bb892b6c7, type: 3}
      propertyPath: m_LocalScale.x
      value: 0.4
      objectReference: {fileID: 0}
    - target: {fileID: 1731610301562517210, guid: 2e2b84ac67c91ba4e924b99bb892b6c7, type: 3}
      propertyPath: m_LocalScale.y
      value: 0.4
      objectReference: {fileID: 0}
    - target: {fileID: 1731610301562517210, guid: 2e2b84ac67c91ba4e924b99bb892b6c7, type: 3}
      propertyPath: m_LocalPosition.x
      value: 0
      objectReference: {fileID: 0}
    - target: {fileID: 1731610301562517210, guid: 2e2b84ac67c91ba4e924b99bb892b6c7, type: 3}
      propertyPath: m_LocalPosition.y
      value: 0
      objectReference: {fileID: 0}
    - target: {fileID: 1731610301562517210, guid: 2e2b84ac67c91ba4e924b99bb892b6c7, type: 3}
      propertyPath: m_LocalPosition.z
      value: 0
      objectReference: {fileID: 0}
    - target: {fileID: 1731610301562517210, guid: 2e2b84ac67c91ba4e924b99bb892b6c7, type: 3}
      propertyPath: m_LocalRotation.w
      value: 1
      objectReference: {fileID: 0}
    - target: {fileID: 1731610301562517210, guid: 2e2b84ac67c91ba4e924b99bb892b6c7, type: 3}
      propertyPath: m_LocalRotation.x
      value: 0
      objectReference: {fileID: 0}
    - target: {fileID: 1731610301562517210, guid: 2e2b84ac67c91ba4e924b99bb892b6c7, type: 3}
      propertyPath: m_LocalRotation.y
      value: 0
      objectReference: {fileID: 0}
    - target: {fileID: 1731610301562517210, guid: 2e2b84ac67c91ba4e924b99bb892b6c7, type: 3}
      propertyPath: m_LocalRotation.z
      value: 0
      objectReference: {fileID: 0}
    - target: {fileID: 1731610301562517210, guid: 2e2b84ac67c91ba4e924b99bb892b6c7, type: 3}
      propertyPath: m_LocalEulerAnglesHint.x
      value: 0
      objectReference: {fileID: 0}
    - target: {fileID: 1731610301562517210, guid: 2e2b84ac67c91ba4e924b99bb892b6c7, type: 3}
      propertyPath: m_LocalEulerAnglesHint.y
      value: 0
      objectReference: {fileID: 0}
    - target: {fileID: 1731610301562517210, guid: 2e2b84ac67c91ba4e924b99bb892b6c7, type: 3}
      propertyPath: m_LocalEulerAnglesHint.z
      value: 0
      objectReference: {fileID: 0}
    - target: {fileID: 2516245680512829695, guid: 2e2b84ac67c91ba4e924b99bb892b6c7, type: 3}
      propertyPath: m_LocalScale.x
      value: 0.65
      objectReference: {fileID: 0}
    - target: {fileID: 2516245680512829695, guid: 2e2b84ac67c91ba4e924b99bb892b6c7, type: 3}
      propertyPath: m_LocalScale.y
      value: 0.65
      objectReference: {fileID: 0}
    - target: {fileID: 3331474474676884730, guid: 2e2b84ac67c91ba4e924b99bb892b6c7, type: 3}
      propertyPath: m_Name
      value: GlowDot_02.Yellow
      objectReference: {fileID: 0}
    m_RemovedComponents: []
  m_SourcePrefab: {fileID: 100100000, guid: 2e2b84ac67c91ba4e924b99bb892b6c7, type: 3}
--- !u!4 &519529642119866723 stripped
Transform:
  m_CorrespondingSourceObject: {fileID: 1731610301562517210, guid: 2e2b84ac67c91ba4e924b99bb892b6c7, type: 3}
  m_PrefabInstance: {fileID: 2247954898477735865}
  m_PrefabAsset: {fileID: 0}
--- !u!114 &2247954897278614687 stripped
MonoBehaviour:
  m_CorrespondingSourceObject: {fileID: 1236886310, guid: 2e2b84ac67c91ba4e924b99bb892b6c7, type: 3}
  m_PrefabInstance: {fileID: 2247954898477735865}
  m_PrefabAsset: {fileID: 0}
  m_GameObject: {fileID: 0}
  m_Enabled: 1
  m_EditorHideFlags: 0
  m_Script: {fileID: 11500000, guid: f8f72ef21b0a0de4b83a7b1969abec86, type: 3}
  m_Name: 
  m_EditorClassIdentifier: 
